 Dungeon Crawl Stone Soup version 0.19.4-10-g532645f (webtiles) character file.

161 galech the Covered (level 5, -3/33 HPs)
             Began as a Gargoyle Fighter on Feb 23, 2017.
             Slain by Exporg's ghost (13 damage)
             ... on level 4 of the Dungeon.
             The game lasted 00:04:19 (2123 turns).

galech the Covered (Gargoyle Fighter)               Turns: 2123, Time: 00:04:19

Health: -3/33      AC: 13    Str: 21    XL:     5   Next: 42%
Magic:  5/5        EV:  7    Int:  8    God:
Gold:   195        SH:  9    Dex:  9    Spells: 0 memorised, 4 levels left

rFire  + . .     SeeInvis .     a - +0 flail
rCold  x . .     Gourm    .     b - +0 scale mail
rNeg   + . .     Faith    .     c - +0 shield
rPois  ∞         Spirit   .     (no helmet)
rElec  +         Reflect  .     s - +0 cloak
rCorr  .         Harm     +     (no gloves)
MR     .....                    A - +0 pair of boots
Stlth  ..........               x - amulet of harm
                                (no ring)
                                z - ring of fire

@: no status effects
A: negative energy resistance 1, electricity resistance, unbreathing,
petrification resistance, rot immunity, AC +4
a: no special abilities


You were on level 4 of the Dungeon.
You were not hungry.

You visited 1 branch of the dungeon, and saw 4 of its levels.

You collected 195 gold pieces.

Inventory:

Hand Weapons
 a - a +0 flail (weapon)
 y - a +0 morningstar
Armour
 b - a +0 scale mail (worn)
 c - a +0 shield (worn)
 s - a +0 cloak (worn)
 A - a +0 pair of boots (worn)
Jewellery
 x - an amulet of harm (around neck)
 z - a ring of fire (left hand)
Scrolls
 e - 2 scrolls of amnesia {unknown}
 i - a scroll of noise {unknown}
 l - 6 scrolls of identify {unknown}
 n - 3 scrolls of remove curse {unknown}
 o - a scroll of blinking {unknown}
 q - a scroll of teleportation {unknown}
 t - a scroll of recharging {unknown}
 v - a scroll of enchant armour {unknown}
 w - a scroll of immolation {unknown}
Potions
 d - a potion of might
 h - 3 potions of agility {unknown}
 j - a potion of lignification {unknown}
 m - a potion of cure mutation {unknown}
 p - 2 potions of curing {unknown}
 r - a potion of flight {unknown}
 u - a potion of brilliance {unknown}
Comestibles
 f - a bread ration
 g - 4 meat rations
 k - 4 chunks of flesh


   Skills:
 + Level 4.2 Fighting
 + Level 2.9 Maces & Flails
 + Level 4.5 Armour
 - Level 0.2 Dodging
 - Level 0.2 Stealth
 + Level 4.1 Shields


You had 4 spell levels left.
You didn't know any spells.

Dungeon Overview and Level Annotations

Branches:
Dungeon (4/15)
 Temple: D:4-7

Altars:

Shops:
D:4 %

Annotations:
D:4 Exporg's ghost, amateur MiFi


Innate Abilities, Weirdness & Mutations

You are resistant to torment.
Your stone body is resilient. (AC +4)
You are immune to poison.
You resist negative energy. (rN+)
You are resistant to electric shocks. (rElec)
You can survive without breathing.
You are immune to petrification.
You are immune to rotting.


Message History

You block Exporg's ghost's attack. Exporg's ghost hits you!
You closely miss Exporg's ghost.
Exporg's ghost is lightly damaged.
Exporg's ghost hits you!
* * * LOW HITPOINT WARNING * * *
You are too injured to fight recklessly!
You are too injured to fight recklessly!
You are too injured to fight recklessly!
You are too injured to fight recklessly!
You are too injured to fight recklessly!
You are too injured to fight recklessly!
You are too injured to fight recklessly!
You are too injured to fight recklessly!
You are too injured to fight recklessly!
You are too injured to fight recklessly!
You are too injured to fight recklessly!
You are too injured to fight recklessly!
There is a stone staircase leading up here.
Exporg's ghost hits you!
You die...

#####.# #÷#
#####'####.#
#..........#
#..........#####
#..............#
######..##.###.#
##.##.# #.#
#.##.# #.###
#.##.# #.W@#
#..#.# #####
##.#.# #...#
##..# #...#
#.%.# #........#
#####....#


You could see Exporg's ghost.

Vanquished Creatures
  A worker ant (D:3)
  5 adders
  An ooze (D:3)
  An adder skeleton (D:4)
  3 worms
  4 leopard geckos
  6 orcs
  2 ball pythons (D:3)
  3 giant cockroaches
  8 goblins
  7 hobgoblins
  12 kobolds
  4 bats
  4 frilled lizards
  A leopard gecko skeleton (D:4)
  8 rats
70 creatures vanquished.

Notes
Turn   | Place    | Note
-------+----------+-------------------------------------------
     0 | D:1      | galech the Gargoyle Fighter began the quest for the Orb.
     0 | D:1      | Reached XP level 1. HP: 14/14 MP: 1/1
   183 | D:1      | Reached XP level 2. HP: 17/19 MP: 2/2
   718 | D:2      | Reached XP level 3. HP: 22/23 MP: 3/3
  1101 | D:2      | Reached XP level 4. HP: 20/29 MP: 4/4
  1677 | D:3      | Reached XP level 5. HP: 33/33 MP: 5/5
  1920 | D:4      | Found Pagh's Food Shoppe.
  2084 | D:4      | Noticed Exporg's ghost (amateur MiFi)
  2123 | D:4      | Slain by Exporg's ghost

Skill      XL: |  1  2  3  4 |
---------------+-------------+-----
Armour         | 4 |  4.5
Shields        | 4 |  4.1
Fighting       | 4 |  4.2
Maces & Flails | |  2.9
Dodging        | |  0.2
Stealth        | |  0.2

Action                   |  1- 3 |  4- 6 || total
-------------------------+-------+-------++-------
Melee: Flail             |   152 |   150 ||   302
  Eat: Chunk             |     1 |     4 ||     5
Armor: Scale mail        |    76 |    84 ||   160
Dodge: Dodged            |    44 |    54 ||    98
Block: Shield            |    73 |    69 ||   142
